 Dungeon Crawl Stone Soup version 0.20.1-1-g8b1a95d (console) character file.

476 hilaritas the Skirmisher (level 7, -5/72 HPs)
             Began as an Ogre Hunter on Dec 20, 2017.
             Slain by Menkaure (11 damage)
             ... on level 5 of the Dungeon on Dec 28, 2017.
             The game lasted 00:13:02 (6332 turns).

hilaritas the Skirmisher (Ogre Hunter)              Turns: 6332, Time: 00:13:02

Health: -5/72      AC:  3    Str: 19    XL:     7   Next: 10%
Magic:  0/7        EV:  8    Int: 12    God:
Gold:   288        SH:  9    Dex:  9    Spells: 6/6 levels left

rFire    . . .     SeeInvis .   r - +1 mace
rCold    . . .     Gourm    .   e - +1 shield
rNeg     . . .     Faith    .   b - +0 robe
rPois    .         Spirit   +   (helmet restricted)
rElec    .         Reflect  .   g - scarf {Spirit}
rCorr    .         Harm     +   (gloves unavailable)
MR       .....                  (boots unavailable)
Stlth    +.........             z - amulet of harm
Regen    0.3/turn               (no ring)
MPRegen  0.1/turn               (no ring)

@: no status effects
A: unfitting armour, tough skin 1
a: no special abilities


You were on level 5 of the Dungeon.
You were not hungry.

You visited 1 branch of the dungeon, and saw 5 of its levels.

You collected 288 gold pieces.

Inventory:

Hand Weapons
 r - a +1 mace (weapon)
Missiles
 c - 5 large rocks (quivered)
 d - 2 throwing nets
 y - 4 silver javelins
Armour
 b - a +0 robe (worn)
 e - a +1 shield (worn)
 g - a scarf of spirit shield (worn)
 A - a scarf of cloud immunity
Jewellery
 u - an uncursed amulet of the gourmand
 z - an amulet of harm (around neck)
Wands
 p - a wand of polymorph (8/24)
Scrolls
 j - 5 scrolls of identify
 o - a scroll of teleportation
 s - 2 scrolls of enchant weapon
 t - 3 scrolls of recharging
 D - a scroll of remove curse
Potions
 a - 2 potions of flight
 h - a potion of might {unknown}
 k - a potion of agility {unknown}
 m - 2 potions of degeneration {unknown}
 n - 2 potions of curing
 v - 3 potions of heal wounds
 w - a potion of mutation {unknown}
 x - a potion of resistance {unknown}
 B - a potion of invisibility {unknown}
Comestibles
 f - 2 bread rations
 i - 4 fruits
 l - 2 royal jellies
 q - 5 meat rations
 C - 7 chunks of flesh


   Skills:
 + Level 5.1 Fighting
 * Level 4.5 Maces & Flails
 - Level 4.0 Throwing
 - Level 1.7 Dodging
 - Level 0.6 Stealth
 + Level 3.0 Shields


You had 6 spell levels left.
You didn't know any spells.

Dungeon Overview and Level Annotations

Branches:
Dungeon (5/15)
 Temple: D:4-7

Altars:
Ashenzari
Elyvilon
Hepliaklqana
Qazlal
Trog

Annotations:
D:5 Menkaure


Innate Abilities, Weirdness & Mutations

You are too large for most types of armour.
You have tough skin. (AC +1)


Message History

Menkaure is moderately damaged.
The hound bites you. You block Menkaure's attack.
The hound bites you but does no damage. Menkaure hits you.
You barely miss Menkaure.
Menkaure is moderately damaged.
The hound bites you.
Menkaure calls on the powers of darkness!
Your body is wracked with pain!
The hound convulses!
The hound closely misses you.
You hit Menkaure but do no damage.
Menkaure is moderately damaged.
You block the hound's attack. Menkaure closely misses you. The hound bites you.
* * * LOW HITPOINT WARNING * * *
You block Menkaure's attack.
You feel much better. You block the hound's attack. Menkaure hits you!!
* * * LOW HITPOINT WARNING * * *
You hit Menkaure but do no damage.
Menkaure is moderately damaged.
You block the hound's attack. Menkaure hits you!
You die...

....#######
.##.......##
.########..#
.#
##.########
# .#
#........#
.. .##
########.###
.. ).#
#.(.##.# #.#
###....# #.#
##...#.....
#.#
######..###
#### #.#
#...M@h##
..##
....######
...# .#
.#.####..#
........###
.....(....#
.#.######..
.#†.###
.##...#
.####.# .#
#.###


You could see Menkaure and a hound.

Vanquished Creatures
  A centaur (D:4)
  A scorpion (D:4)
  A water moccasin skeleton (D:4)
  A hound (D:4)
  Crazy Yiuf (D:3)
  3 worker ants
  6 adders
  2 oozes
  An adder skeleton (D:4)
  2 worms (D:4)
  A leopard gecko (D:1)
  3 orcs
  6 giant cockroaches
  11 hobgoblins
  21 jackals
  A kobold (D:2)
  2 quokkas
  A ball python (D:3)
  12 bats
  5 frilled lizards
  9 goblins
  A jackal skeleton (D:4)
  A leopard gecko skeleton (D:4)
  6 rats
99 creatures vanquished.

Notes
Turn   | Place    | Note
-------+----------+-------------------------------------------
     0 | D:1      | hilaritas the Ogre Hunter began the quest for the Orb.
     0 | D:1      | Reached XP level 1. HP: 22/22 MP: 1/1
    67 | D:1      | Reached skill level 3 in Fighting
   174 | D:1      | Reached XP level 2. HP: 31/31 MP: 2/2
   806 | D:1      | Reached skill level 1 in Shields
  1252 | D:2      | Reached XP level 3. HP: 36/37 MP: 3/3
  1629 | D:2      | Found a shattered altar of Ashenzari.
  1634 | D:2      | Saw a vision of the Shoals and the Snake Pit.
  1634 | D:2      | Noticed a sea snake
  1634 | D:2      | Noticed a merfolk
  1634 | D:2      | Noticed a merfolk siren
  1634 | D:2      | Noticed a merfolk
  1634 | D:2      | Noticed a naga warrior
  1635 | D:2      | Noticed a centaur
  1635 | D:2      | Noticed a merfolk siren
  1637 | D:2      | Noticed a naga mage
  1638 | D:2      | Noticed a naga
  1858 | D:2      | Reached skill level 4 in Fighting
  2170 | D:2      | Reached skill level 1 in Maces & Flails
  2170 | D:2      | Reached XP level 4. HP: 23/48 MP: 2/4
  2825 | D:3      | Found a hazy altar of Hepliaklqana.
  2880 | D:3      | Found a stormy altar of Qazlal.
  2882 | D:3      | Found a bloodstained altar of Trog.
  2884 | D:3      | Found a white marble altar of Elyvilon.
  3472 | D:3      | Found a runed door.
  3786 | D:3      | Noticed Crazy Yiuf
  3787 | D:3      | Killed Crazy Yiuf
  3787 | D:3      | Reached XP level 5. HP: 55/55 MP: 5/5
  3923 | D:4      | HP: 1/55 [worm (11)]
  4728 | D:4      | Reached XP level 6. HP: 12/63 MP: 2/6
  5441 | D:4      | HP: 6/65 [centaur (4)]
  5443 | D:4      | Reached skill level 5 in Fighting
  5447 | D:4      | HP: 5/66 [quokka (1)]
  5453 | D:4      | HP: 4/66 [quokka (2)]
  5986 | D:4      | Reached XP level 7. HP: 71/72 MP: 7/7
  6074 | D:5      | Entered Level 5 of the Dungeon
  6318 | D:5      | Noticed Menkaure
  6331 | D:5      | HP: 6/72 [Menkaure (25)]
  6332 | D:5      | Slain by Menkaure

Skill      XL: |  1  2  3  4  5  6  7 |
---------------+----------------------+-----
Fighting       | 3 4 5 |  5.1
Shields        | 1 2 3 |  3.0
Maces & Flails | 1 2 3 4 |  4.5
Throwing       | |  4.0
Dodging        | |  1.7
Stealth        | |  0.6

Action                   |  1- 3 |  4- 6 |  7- 9 || total
-------------------------+-------+-------+-------++-------
Melee: Short sword       |    88 |       |       ||    88
       Mace              |    51 |   223 |    50 ||   324
Throw: Large rock        |       |     1 |       ||     1
  Use: Potion            |     1 |     1 |     3 ||     5
       Scroll            |       |     8 |     2 ||    10
 Stab: Sleeping          |       |     2 |     1 ||     3
  Eat: Chunk             |     4 |    19 |       ||    23
Armor: Robe              |    57 |    57 |    17 ||   131
Dodge: Dodged            |    52 |    89 |    28 ||   169
Block: Shield            |    53 |    90 |    45 ||   188
